 Dungeon Crawl Stone Soup version 0.18.1-8-gdd0e5ea (webtiles) character file.

4622 Gargoyl the Protected (level 10, 0/79 HPs)
             Began as a Demonspawn Abyssal Knight on June 3, 2016.
             Was a High Priest of Lugonu.
             Slain by a sky beast (6 damage)
             ... on level 8 of the Dungeon on June 4, 2016.
             The game lasted 00:29:37 (11834 turns).

Gargoyl the Protected (Demonspawn Abyssal Knight)  Turns: 11834, Time: 00:29:37

Health: 0/79       AC: 20    Str: 15    XL:     10   Next: 19%
Magic:  12/12      EV:  5    Int: 18    God:    Lugonu [*****.]
Gold:   396        SH:  7    Dex: 14    Spells: 0 memorised, 9 levels left

rFire  + . .     SeeInvis .     t - +0 war axe
rCold  + . .     Gourm    .     e - +0 plate armour
rNeg   . . .     Faith    .     j - +2 buckler
rPois  +         Spirit   .     x - +1 helmet
rElec  .         Dismiss  .     (no cloak)
rCorr  .         Reflect  .     m - +0 pair of gloves
SustAt .         Harm     .     (boots unavailable)
MR     .....                    n - amulet of rage
Stlth  ..........               (no ring)
                                l - ring of flight

@: brilliant, not resistant to hostile enchantments, extremely unstealthy
A: hooves 3, icy blue scales 2, cold resistance 1, demonic guardian 2, fire
resistance 1, poison resistance, wild magic 1, MP-powered wands
a: Depart the Abyss, Bend Space, Banish, Corrupt, Enter the Abyss, Renounce
Religion, Evoke Berserk Rage, Evoke Flight


You were on level 8 of the Dungeon.
You worshipped Lugonu.
Lugonu was extremely pleased with you.
You were hungry.

You visited 1 branch of the dungeon, and saw 9 of its levels.
You visited the Abyss 1 time.
You also visited: Ossuary.

You collected 396 gold pieces.

Inventory:

Hand Weapons
 s - a +0 hand axe of freezing
 t - a +0 war axe (weapon)
 z - a +0 flail of protection
Armour
 e - a +0 plate armour (worn)
 j - a +2 buckler (worn)
 m - a +0 pair of gloves (worn)
 x - a +1 helmet (worn)
Rods
 B - a +0 rod of shadows (10/10)
   (You found it on level 7 of the Dungeon)
Jewellery
 g - an uncursed ring of ice
 l - a ring of flight (left hand)
 n - an amulet of rage (around neck)
 E - an uncursed amulet of dismissal {unknown}
Wands
 b - a wand of paralysis (6/24)
 k - a wand of flame (37/48)
 y - a wand of random effects (17/48)
 F - a wand of teleportation (4/9)
Scrolls
 a - a scroll of fear
 f - 6 scrolls of identify
 o - a scroll of enchant weapon
 p - a scroll of remove curse
 w - 3 scrolls of teleportation
 C - 2 scrolls of amnesia
Potions
 h - a potion of haste {unknown}
 i - a potion of cancellation {unknown}
 q - 2 potions of brilliance
 r - 2 potions of curing {unknown}
 u - a potion of degeneration {unknown}
Books
 v - a book of Conjurations

   Spells                             Type                      Level
   a - Magic Dart                     Conjuration                  1
   b - Searing Ray                    Conjuration                  2
   c - Dazzling Spray                 Conjuration/Hexes            3
   d - Fulminant Prism                Conjuration/Hexes            4
   e - Iskenderun's Mystic Blast      Conjuration                  4
   f - Iskenderun's Battlesphere      Conjuration/Charms           5
Comestibles
 c - 6 bread rations
 A - 3 meat rations
 D - 2 beef jerkies
 G - 7 slices of pizza


   Skills:
 + Level 7.0 Fighting
 + Level 5.6 Axes
 * Level 8.8 Armour
 + Level 3.7 Dodging
 + Level 2.6 Stealth
 + Level 4.9 Shields
 + Level 3.4 Invocations
 + Level 0.2 Evocations


You had 9 spell levels left.
You didn't know any spells.

Dungeon Overview and Level Annotations

Branches:
Dungeon (9/15)             Temple (0/1) D:5
   Lair: D:8-11         Orc: D:9-12

Altars:
Makhleb
Nemelex Xobeh
Ru
Trog
Xom
Beogh


Innate Abilities, Weirdness & Mutations

You have hooves in place of feet.
You are mostly covered in icy blue scales (AC +3, EV -1).
A demonic guardian rushes to your aid.
Your flesh is heat resistant.
Your flesh is cold resistant.
Your system is resistant to poisons.
Your spells are a little harder to cast, but a little more powerful.
You expend magic power (3 MP) to strengthen your wands.


Message History

You hit the orc priest.
You kill the orc priest!
Lugonu accepts your kill.
You slash the orc wizard!
The orc wizard is severely wounded.
You barely miss the sky beast.
The sky beast is lightly wounded.
Your plate armour prevents you from hitting the orc wizard.
The orc wizard is lightly wounded.
You block the sky beast's attack.
The orc wizard casts a spell.
The orc wizard blinks!
The orc wizard barely misses you.
The sky beast hits you but does no damage.
Drink which item? (? for menu, Esc to quit)
It was a potion of brilliance.
You feel clever all of a sudden. You block the orc wizard's attack.
The sky beast hits you.
* * * LOW HITPOINT WARNING * * *
The sky beast shocks you.
You die...

#.. ... #...........
#..## ... #...##.###..
#.... #.##
#........... #.... ...
....##.####. #..#.##.#
#.......... #.....#.#
##.###....##.
#....:).###.# ##...##.
#....§Yo)))(# #..)##.
##...o@)#.#(##
##...##.
#....#.#.##.###..####.
#.#.##.#.###..........
# ## ...##...........#
....###.###......
.._... #.# #.###.#
!.....#### #......
###^######.###.#
#.........#


You could see a sky beast and 2 orc wizards.

Vanquished Creatures
  A wyvern (D:8)
  A yak (D:8)
  3 hippogriffs
  A water moccasin (D:6)
  An orc warrior (D:9)
  An ice beast (D:7)
  2 sky beasts
  A phantom (D:5)
  7 ogres
  3 centaurs
  4 giant frogs
  2 scorpions
  A howler monkey (D:7)
  2 crimson imps
  2 jellies
  2 gnoll shamans
  4 hounds
  6 orc wizards
  4 orc priests
  2 centaur skeletons
  2 giant frog skeletons
  4 iguanas
  2 worker ants
  3 sheep (D:8)
  A hound skeleton (D:6)
  3 mummies (Ossuary)
  A worker ant zombie (D:8)
  40 gnolls
  A howler monkey skeleton (D:6)
  8 adders
  3 shadow imps
  5 adder zombies
  2 adder skeletons
  A worm (D:2)
  5 dart slugs
  8 giant geckos
  23 orcs
  11 bats
  5 giant cockroaches
  4 goblins
  6 hobgoblins
  21 jackals
  7 kobolds
  2 quokkas
  A ball python (D:1)
  A giant gecko skeleton (D:3)
  2 giant gecko zombies (D:5)
  5 giant newts
  5 goblin zombies (Ossuary)
  3 hobgoblin zombies (Ossuary)
  3 kobold zombies (Ossuary)
  A quokka skeleton (D:6)
  2 quokka zombies (Ossuary)
  6 rats
  A rat zombie (Ossuary)
  A fungus (D:3)
249 creatures vanquished.

Vanquished Creatures (collateral kills)
  Maurice (D:8)
  A wyvern (D:8)
  A human (D:8)
  A hungry ghost (D:7)
  An orc warrior (D:8)
  A centaur (D:5)
  A big kobold (D:8)
  A giant frog (D:5)
  A scorpion (D:4)
  A howler monkey (D:5)
  An orc wizard (D:4)
  A gnoll shaman (D:5)
  11 gnolls
  2 orcs (D:5)
  2 jackals (D:5)
27 creatures vanquished.

Vanquished Creatures (others)
  An ogre (D:6)
1 creature vanquished.

Grand Total: 277 creatures vanquished

Notes
Turn   | Place    | Note
--------------------------------------------------------------
     0 | Abyss:1  | Gargoyl the Demonspawn Abyssal Knight began the quest for the Orb.
     0 | Abyss:1  | Reached XP level 1. HP: 18/18 MP: 2/2
    37 | Abyss:1  | Noticed a quasit
    84 | Abyss:2  | Noticed a demonic crawler
    85 | D:1      | Escaped the Abyss
   137 | D:1      | Reached skill level 2 in Armour
   455 | D:1      | Gained mutation: You are partially covered in icy blue scales (AC +1). [demonic ancestry]
   455 | D:1      | Reached XP level 2. HP: 24/24 MP: 4/4
   507 | D:1      | Reached * piety under Lugonu
  1052 | D:2      | Gained mutation: A weak demonic guardian rushes to your aid. [demonic ancestry]
  1052 | D:2      | Reached XP level 3. HP: 29/29 MP: 5/5
  1077 | D:2      | Reached skill level 1 in Dodging
  1919 | D:3      | Found a roughly hewn altar of Beogh.
  1926 | D:3      | Reached ** piety under Lugonu
  1937 | D:3      | Gained mutation: Your flesh is heat resistant. [demonic ancestry]
  1937 | D:3      | Reached XP level 4. HP: 28/37 MP: 6/6
  1942 | D:3      | Reached skill level 3 in Armour
  2136 | D:3      | Found a burning altar of Makhleb.
  2139 | D:3      | Reached XP level 5. HP: 37/42 MP: 7/7
  2323 | D:3      | Noticed an ogre
  2333 | D:3      | Killed an ogre
  2333 | D:3      | Reached skill level 1 in Stealth
  2794 | D:4      | Reached skill level 1 in Shields
  2794 | D:4      | Gained mutation: You have large cloven feet. [demonic ancestry]
  2794 | D:4      | Reached XP level 6. HP: 23/48 MP: 8/8
  3110 | D:4      | Found a sand-covered staircase.
  3120 | Ossuary  | Entered an ossuary
  3232 | Ossuary  | Reached skill level 4 in Armour
  3308 | Ossuary  | Reached *** piety under Lugonu
  4060 | D:4      | Identified a scroll of acquirement
  4325 | D:4      | Found a sparkling altar of Nemelex Xobeh.
  4506 | D:4      | Reached XP level 7. HP: 47/55 MP: 9/9
  4693 | D:5      | Entered Level 5 of the Dungeon
  4714 | D:5      | Found a staircase to the Ecumenical Temple.
  5174 | D:5      | Reached skill level 5 in Armour
  5449 | D:5      | Reached skill level 5 in Fighting
  5724 | D:5      | Reached **** piety under Lugonu
  6068 | D:6      | Gained mutation: You are mostly covered in icy blue scales (AC +3, EV -1). [demonic ancestry]
  6068 | D:6      | Reached XP level 8. HP: 45/62 MP: 10/10
  6778 | D:5      | Reached skill level 6 in Armour
  7876 | D:5      | Reached ***** piety under Lugonu
  8602 | D:5      | Reached skill level 7 in Armour
  8602 | D:5      | Gained mutation: You have hoof-like feet. [demonic ancestry]
  8602 | D:5      | Reached XP level 9. HP: 54/69 MP: 11/11
  9966 | D:7      | Found a sacrificial altar of Ru.
 10372 | D:7      | Reached skill level 5 in Axes
 10746 | D:7      | Reached skill level 8 in Armour
 11304 | D:8      | Found a shimmering altar of Xom.
 11354 | D:8      | Gained mutation: A demonic guardian rushes to your aid. [demonic ancestry]
 11354 | D:8      | Reached XP level 10. HP: 34/77 MP: 12/12
 11734 | D:8      | Gained mutation: You expend magic power (3 MP) to strengthen your wands. [mutagenic meat]
 11735 | D:8      | Gained mutation: You have hooves in place of feet. [mutagenic meat]
 11736 | D:8      | Gained mutation: Your flesh is cold resistant. [mutagenic meat]
 11737 | D:8      | Gained mutation: Your system is resistant to poisons. [mutagenic meat]
 11738 | D:8      | Gained mutation: Your spells are a little harder to cast, but a little more powerful. [mutagenic meat]
 11795 | D:8      | Found a bloodstained altar of Trog.
 11797 | D:8      | Noticed Maurice
 11819 | D:8      | Killed Maurice
 11834 | D:8      | Slain by a sky beast

Skill      XL: |  1  2  3  4  5  6  7  8  9 10 |
---------------+-------------------------------+-----
Armour         | 2 3 4 5 7 8 |  8.8
Invocations    | 3 |  3.4
Dodging        | 1 2 3 |  3.7
Axes           | 2 3 4 5 |  5.6
Fighting       | 4 5 6 7 |  7.0
Stealth        | 1 2 |  2.6
Shields        | 1 2 3 4 |  4.9
Evocations     | |  0.2

Action                   |  1- 3 |  4- 6 |  7- 9 | 10-12 || total
-------------------------+-------+-------+-------+-------++-------
Melee: Hand axe          |   116 |   217 |   462 |       ||   795
       Kick              |       |    45 |   205 |    11 ||   261
       War axe           |       |    41 |   278 |    38 ||   357
Invok: Depart the Abyss  |     1 |       |       |       ||     1
       Banish            |       |       |     1 |       ||     1
       Bend Space        |       |       |       |     1 ||     1
 Abil: Evoke Flight      |       |     1 |       |       ||     1
Evoke: Wand              |       |     1 |     6 |       ||     7
  Use: Potion            |     3 |       |     4 |     1 ||     8
       Scroll            |       |    11 |     7 |       ||    18
 Stab: Paralysed         |       |     5 |    11 |       ||    16
       Distracted        |       |       |     3 |       ||     3
  Eat: Chunk             |     2 |     4 |    23 |     5 ||    34
       Bread ration      |     1 |       |       |       ||     1
       Beef jerky        |       |     1 |       |       ||     1
       Fruit             |       |       |     2 |       ||     2
Armor: Chain mail        |   108 |   181 |   537 |       ||   826
       Plate armour      |       |       |    45 |    54 ||    99
Dodge: Dodged            |    41 |    85 |   299 |    13 ||   438
Block: Buckler           |     3 |    51 |   261 |    19 ||   334
